 Dungeon Crawl Stone Soup version 0.26-a0-712-ga5a9c9c9d0 (webtiles) character file.

Game seed: 18032311496002613735

2632 Gargoyl the Fighter (level 9, 0/74 HPs)
             Began as a Gnoll Abyssal Knight on Nov 1, 2020.
             Was a Priest of Lugonu.
             Killed from afar by Joseph (22 damage)
             ... with a bolt of acid
             ... on level 7 of the Dungeon.
             The game lasted 00:10:44 (6489 turns).

Gargoyl the Fighter (Gnoll Abyssal Knight)          Turns: 6489, Time: 00:10:45

Health: 0/74       AC: 11    Str: 18    XL:     9   Next: 61%
Magic:  15/15      EV:  8    Int: 16    God:    Lugonu [***...]
Gold:   369        SH:  0    Dex: 15    Spells: 16/16 levels left

rFire    . . .     SeeInvis .   B - +6 quarterstaff "Leviticus" {vamp, rC++ Int+2}
rCold    + + .     Faith    .   (shield currently unavailable)
rNeg     . . .     Spirit   .   f - +0 plate armour
rPois    +         Reflect  .   (no helmet)
rElec    .         Harm     .   (no cloak)
rCorr    .         Rampage  .   (no gloves)
MR       .....                  m - +1 pair of boots
Stlth    ..........             (no amulet)
HPRegen  0.22/turn              q - +4 ring of protection
MPRegen  0.14/turn              v - ring of poison resistance

@: corroded, lightly drained
A: distributed training, fangs 1, strong nose
a: Depart the Abyss, Bend Space, Banish, Renounce Religion


You were on level 7 of the Dungeon.
You worshipped Lugonu.
Lugonu was most pleased with you.
You visited 1 branch of the dungeon, and saw 7 of its levels.
You visited the Abyss 1 time.
You also visited: Sewer.

You collected 369 gold pieces.

Inventory:

Hand Weapons
 a - a +1 hand axe
 B - the +6 quarterstaff "Leviticus" (weapon) {vamp, rC++ Int+2}
   (You found it on level 5 of the Dungeon)

   It inflicts no extra harm, but heals its wielder when it wounds a living foe.
   It affects your intelligence (+2).
   It greatly protects you from cold.
 C - a +4 hand axe
Missiles
 u - 4 curare-tipped darts (quivered)
 D - 12 poisoned darts
Armour
 f - a +0 plate armour (worn)
 l - a +0 kite shield
 m - a +1 pair of boots (worn)
Jewellery
 q - a +4 ring of protection (left hand)
 v - a ring of poison resistance (right hand)
 x - an uncursed ring of resist corrosion
Wands
 r - a wand of polymorph (5)
 t - a wand of paralysis (11)
 y - a wand of disintegration (27)
 A - a wand of random effects (14)
Scrolls
 e - 4 scrolls of teleportation
 g - a scroll of identify
 i - a scroll of remove curse
 s - a scroll of fog
Potions
 b - a potion of stabbing
 c - 3 potions of brilliance
 d - 2 potions of invisibility
 h - a potion of heal wounds
 j - 2 potions of lignification
 k - 2 potions of might
 n - 3 potions of curing
 o - a potion of magic {unknown}
 p - a potion of flight {unknown}
 w - a potion of haste {unknown}
 z - a potion of cancellation {unknown}


   Skills:
 + Level 8.0 Fighting
 + Level 4.4 Short Blades
 + Level 4.4 Long Blades
 + Level 6.4 Axes
 + Level 4.4 Maces & Flails
 + Level 4.4 Polearms
 + Level 4.4 Staves
 + Level 4.4 Slings
 + Level 4.4 Bows
 + Level 4.4 Crossbows
 + Level 4.4 Throwing
 + Level 6.4 Armour
 + Level 5.2(5.1) Dodging
 + Level 4.4 Stealth
 + Level 4.4 Shields
 + Level 4.4 Unarmed Combat
 + Level 4.4 Spellcasting
 + Level 3.6 Conjurations
 + Level 3.6 Hexes
 + Level 3.6 Summonings
 + Level 3.6 Necromancy
 + Level 3.6 Translocations
 + Level 3.6 Transmutations
 + Level 3.6 Fire Magic
 + Level 3.6 Ice Magic
 + Level 3.6 Air Magic
 + Level 3.6 Earth Magic
 + Level 3.6 Poison Magic
 + Level 6.7 Invocations
 + Level 4.4 Evocations


You had 16 spell levels left.
You didn't know any spells.
Your spell library was empty.

Dungeon Overview and Level Annotations

Branches:
Dungeon (7/15)             Temple (0/1) D:6           Sewer (visited)

Altars:
Dithmenos
Gozag
Makhleb
Nemelex Xobeh
Sif Muna
Zin
The Shining One

Annotations:
D:7 Joseph


Innate Abilities, Weirdness & Mutations

Your experience applies equally to all skills.
You have very sharp teeth.
Your uncanny sense of smell can sniff out nearby items.


Message History

Joseph hits you but does no damage.
You hit Joseph but do no damage. Your bite misses Joseph.
Joseph is severely wounded.
Joseph barely misses you.
You sock Joseph!
You feel better.
Your bite misses Joseph.
Joseph is almost dead.
You hit Joseph.
Joseph is almost dead.
Joseph completely misses you.
You hit Joseph.
Joseph is almost dead.
Joseph zaps a wand.
The bolt of acid hits you.
You are splashed with acid!
* * * LOW HITPOINT WARNING * * *
You hit Joseph but do no damage.
Joseph is almost dead.
Joseph hits you but does no damage.
You hit Joseph but do no damage.
Joseph is almost dead.
Joseph zaps a wand.
The bolt of acid hits you!!
You die...

#.......# ###
#.......######### #..
......<.........#
#.#########()((.)...#
#.#.......'.........#
#.#.#######.........#
#.#.# #.........#
#.#.# #.........#
##.#'#####
#....@....#
.........#
######@####
.........# #{#
.....[>..# #o#
......[..# .o.
.###)#...... .##
.###.#.##### #. ∆
............ o.
.###.#..#.## ##


You could see Joseph, an orc priest and an orc.

Vanquished Creatures
  An orc warrior (D:6)
  A black bear (D:6)
  A sky beast (D:7)
  3 ogres
  2 centaurs
  Blork the orc (D:5)
  A big kobold (D:6)
  6 bullfrogs
  2 scorpions
  7 wights (D:7)
  2 jellies (D:6)
  A quasit (D:5)
  3 orc priests
  2 hounds
  A centaur skeleton (D:6)
  2 orc wizards
  An iguana (D:5)
  Natasha (thrice) (D:3)
  5 worker ants
  A worker ant zombie (D:7)
  8 adders
  A shadow imp (D:5)
  2 white imps (D:6)
  An ufetubus (D:7)
  An ooze (D:6)
  5 adder skeletons
  4 dart slugs
  4 leopard geckos
  15 orcs
  2 ball pythons (Sewer)
  7 bats
  4 giant cockroaches
  4 goblins
  6 hobgoblins
  16 jackals
  2 quokkas (D:3)
  11 frilled lizards
  13 kobolds
  6 rats
158 creatures vanquished.

Vanquished Creatures (others)
  A lurking horror (Abyss:1)
  26 plants
27 creatures vanquished.

Grand Total: 185 creatures vanquished

Notes
Turn   | Place    | Note
-------+----------+-------------------------------------------
     0 | Abyss:1  | Gargoyl the Gnoll Abyssal Knight began the quest for the
                  | Orb.
     0 | Abyss:1  | Reached XP level 1. HP: 23/23 MP: 3/3
   171 | Abyss:1  | Found a corrupted altar of Lugonu.
   233 | Abyss:1  | Noticed a flying skull
   233 | Abyss:1  | Noticed a flying skull
   234 | Abyss:1  | Noticed a flying skull
   246 | Abyss:1  | Found a corrupted altar of Lugonu.
   249 | D:1      | Escaped the Abyss
   412 | D:1      | Reached XP level 2. HP: 21/29 MP: 5/5
   561 | D:1      | Reached * piety under Lugonu
   618 | D:1      | Reached XP level 3. HP: 28/35 MP: 6/6
   798 | D:1      | You fall into a shaft and drop 1 floor!
  1435 | D:2      | Reached skill level 1 in Short Blades
  1435 | D:2      | Reached skill level 1 in Long Blades
  1435 | D:2      | Reached skill level 1 in Maces & Flails
  1435 | D:2      | Reached skill level 1 in Polearms
  1435 | D:2      | Reached skill level 1 in Staves
  1435 | D:2      | Reached skill level 1 in Slings
  1435 | D:2      | Reached skill level 1 in Bows
  1435 | D:2      | Reached skill level 1 in Crossbows
  1435 | D:2      | Reached skill level 1 in Throwing
  1435 | D:2      | Reached skill level 1 in Stealth
  1435 | D:2      | Reached skill level 1 in Shields
  1435 | D:2      | Reached skill level 1 in Unarmed Combat
  1435 | D:2      | Reached skill level 1 in Spellcasting
  1435 | D:2      | Reached skill level 1 in Evocations
  1486 | D:2      | Found a burning altar of Makhleb.
  1503 | D:2      | Found an opulent altar of Gozag.
  1542 | D:2      | Found a faded altar of an unknown god.
  1729 | D:3      | Found a glowing drain.
  1732 | D:3      | Reached XP level 4. HP: 39/41 MP: 7/7
  1741 | Sewer    | Entered a sewer
  2020 | Sewer    | Reached ** piety under Lugonu
  2084 | Sewer    | Reached skill level 1 in Conjurations
  2084 | Sewer    | Reached skill level 1 in Hexes
  2084 | Sewer    | Reached skill level 1 in Summonings
  2084 | Sewer    | Reached skill level 1 in Necromancy
  2084 | Sewer    | Reached skill level 1 in Translocations
  2084 | Sewer    | Reached skill level 1 in Transmutations
  2084 | Sewer    | Reached skill level 1 in Fire Magic
  2084 | Sewer    | Reached skill level 1 in Ice Magic
  2084 | Sewer    | Reached skill level 1 in Air Magic
  2084 | Sewer    | Reached skill level 1 in Earth Magic
  2084 | Sewer    | Reached skill level 1 in Poison Magic
  2820 | D:3      | Reached XP level 5. HP: 42/47 MP: 8/8
  2854 | D:3      | Noticed Natasha
  2866 | D:3      | Killed Natasha
  2894 | D:3      | Noticed Natasha
  2905 | D:3      | Killed Natasha
  2969 | D:3      | Found a glowing silver altar of Zin.
  2969 | D:3      | Noticed Natasha
  3004 | D:3      | Killed Natasha
  3366 | D:3      | Found a shimmering blue altar of Sif Muna.
  3366 | D:3      | Found a sparkling altar of Nemelex Xobeh.
  3367 | D:3      | Found a glowing golden altar of the Shining One.
  3497 | D:4      | Reached *** piety under Lugonu
  3497 | D:4      | Reached skill level 5 in Invocations
  3497 | D:4      | Reached XP level 6. HP: 46/53 MP: 9/9
  3632 | D:4      | Reached skill level 5 in Axes
  3632 | D:4      | Reached skill level 5 in Armour
  3913 | D:4      | Reached XP level 7. HP: 59/59 MP: 10/10
  4017 | D:4      | Reached skill level 7 in Fighting
  4219 | D:5      | Entered Level 5 of the Dungeon
  4414 | D:5      | Noticed Blork the orc
  4426 | D:5      | Found a shadowy altar of Dithmenos.
  4450 | D:5      | Killed Blork the orc
  4861 | D:5      | Got a glimmering quarterstaff
  4862 | D:5      | Identified the +6 quarterstaff "Leviticus" {vamp, rC++
                  | Int+2} (You found it on level 5 of the Dungeon)
  5140 | D:6      | Reached XP level 8. HP: 67/67 MP: 12/12
  5184 | D:6      | Found a staircase to the Ecumenical Temple.
  5270 | D:6      | Reached **** piety under Lugonu
  5647 | D:6      | Reached XP level 9. HP: 42/72 MP: 5/14
  6284 | D:7      | Reached skill level 5 in Dodging
  6375 | D:7      | Reached skill level 8 in Fighting
  6466 | D:7      | Noticed Joseph
  6489 | D:7      | Killed from afar by Joseph

Illustrated notes

Levels and vault maps discovered:
D:1:      dpeg_arrival_three_smaller_balls, layout_basic
D:2:      layout_loops_ring, lemuel_crystal_altar,
          chequers_ecumenical_altar_twisty, grunt_gozag_statues
D:3:      layout_basic, grunt_temple_overflow_cloverleaf, portal_sewer_entry_d,
          st_stairs_8, uniq_natasha
D:4:      layout_cave_pools
D:5:      layout_rooms, kennysheep_mini_moat, uniq_blork_the_orc
D:6:      cheibrodos_two_vegetables, layout_basic, minmay_temple_entry_slanted
D:7:      layout_basic, serial_bayou_pond_a, uniq_joseph

Skill      XL: |  1  2  3  4  5  6  7  8  9 |
---------------+----------------------------+-----
Short Blades   | 1 2 3 4 |  4.4
Long Blades    | 1 2 3 4 |  4.4
Maces & Flails | 1 2 3 4 |  4.4
Polearms       | 1 2 3 4 |  4.4
Staves         | 1 2 3 4 |  4.4
Slings         | 1 2 3 4 |  4.4
Bows           | 1 2 3 4 |  4.4
Crossbows      | 1 2 3 4 |  4.4
Throwing       | 1 2 3 4 |  4.4
Stealth        | 1 2 3 4 |  4.4
Shields        | 1 2 3 4 |  4.4
Unarmed Combat | 1 2 3 4 |  4.4
Spellcasting   | 1 2 3 4 |  4.4
Evocations     | 1 2 3 4 |  4.4
Conjurations   | 1 2 3 |  3.6
Hexes          | 1 2 3 |  3.6
Summonings     | 1 2 3 |  3.6
Necromancy     | 1 2 3 |  3.6
Translocations | 1 2 3 |  3.6
Transmutations | 1 2 3 |  3.6
Fire Magic     | 1 2 3 |  3.6
Ice Magic      | 1 2 3 |  3.6
Air Magic      | 1 2 3 |  3.6
Earth Magic    | 1 2 3 |  3.6
Poison Magic   | 1 2 3 |  3.6
Dodging        | 3 4 5 |  5.2
Invocations    | 5 6 |  6.7
Axes           | 5 6 |  6.4
Armour         | 5 6 |  6.4
Fighting       | 7 8 |  8.0

Action                   |  1- 3 |  4- 6 |  7- 9 || total
-------------------------+-------+-------+-------++-------
Melee: Mace              |   107 |    15 |       ||   122
       Bite              |    15 |    20 |    40 ||    75
       Hand axe          |       |   195 |    95 ||   290
       Unarmed           |       |     5 |       ||     5
       Quarterstaff      |       |       |   215 ||   215
Throw: Dart              |       |     4 |     6 ||    10
Invok: Depart the Abyss  |     1 |       |       ||     1
       Banish            |       |       |     7 ||     7
  Use: Scroll            |     9 |       |     7 ||    16
       Potion            |       |     1 |     1 ||     2
Armor: Leather armour    |     3 |       |       ||     3
       Plate armour      |   123 |   198 |   258 ||   579
       Skin              |       |     1 |       ||     1
Dodge: Dodged            |    72 |    61 |   123 ||   256

Table legend: (Time is in decaauts)
 A = Elapsed time spent in this place.
 B = Non-inter-level travel time spent in this place.
 C = Inter-level travel time spent in this place.
 D = Time resting spent in this place.
 E = Time spent auto-exploring this place.
 F = Levels seen in this place.
 G = Mean time per level.
                   A        B        C        D        E       F      G
               +--------+--------+--------+--------+--------+-----+--------+
         Total |   6789 |   6686 |    103 |    148 |   4856 |   9 |  754.3 |
       Dungeon |   5481 |   5378 |    103 |    148 |   3876 |   7 |  783.0 |
         Abyss |    251 |    251 |      0 |      0 |    230 |   1 |  251.0 |
         Sewer |   1056 |   1056 |      0 |      0 |    749 |   1 | 1056.0 |
               +--------+--------+--------+--------+--------+-----+--------+

Top non-repeatable levels by time:
   Sewer: 1056 daAuts
     D:6: 1015 daAuts
     D:3: 922 daAuts
     D:1: 880 daAuts
     D:5: 842 daAuts
     D:4: 772 daAuts
     D:2: 592 daAuts
     D:7: 455 daAuts
 Abyss:1: 251 daAuts
